 Dungeon Crawl Stone Soup version 0.29-a0-25-g7f48f510a0 (webtiles) character file.

Game seed: 14171855532107758262

4 Bosse the Skirmisher (level 1, -1/18 HPs)
             Began as a Demonspawn Abyssal Knight on Jan 31, 2022.
             Was a Follower of Lugonu.
             Succumbed to a kobold's poison
             ... on level 1 of the Dungeon.
             The game lasted 00:00:17 (39 turns).

Bosse the Skirmisher (Demonspawn Abyssal Knight)      Turns: 39, Time: 00:00:18

Health: -1/18      AC:  3    Str: 13    XL:     1   Next: 50%
Magic:  2/2        EV: 11    Int: 11    God:    Lugonu [*.....]
Gold:   0          SH:  0    Dex: 13    Spells: 0/0 levels left

rFire   . . .      SeeInvis .   a - +1 hand axe
rCold   . . .      Faith    .   (no shield)
rNeg    . . .      Spirit   .   b - +0 leather armour
rPois   .          Reflect  .   (no helmet)
rElec   .          Harm     .   (no cloak)
rCorr   .          Rampage  .   (no gloves)
Will    .....                   (no boots)
Stlth   +.........              (no amulet)
HPRegen 0.06/turn               (no ring)
MPRegen 0.08/turn               (no ring)

@: lethally poisoned (-1 -> -14)
A: no striking features
a: Renounce Religion, Depart the Abyss


You were on level 1 of the Dungeon.
You worshipped Lugonu.
Lugonu was aware of your devotion.
You visited 1 branch of the dungeon, and saw 1 of its levels.
You visited the Abyss 1 time.

Inventory:

Hand Weapons
 a - a +1 hand axe (weapon)
Armour
 b - a +0 leather armour (worn)


   Skills:
 + Level 3.1 Fighting
 + Level 1.8 Axes
 + Level 1.9 Armour
 + Level 0.8 Dodging
 + Level 2.4 Invocations


You couldn't memorise any spells.
You didn't know any spells.
Your spell library was empty.

Dungeon Overview and Level Annotations

Branches:
Dungeon (1/15)

Altars:


Message History

The kobold shouts!
The rat twitches its whiskers.
The rat bites you but does no damage.
You hit the rat but do no damage.
A goblin comes into view. It is wielding a +0 dagger.
A kobold comes into view. It is wielding a +0 club.
The rat bites you but does no damage.
The kobold shouts!
You hit the rat.
You kill the rat!
Lugonu accepts your kill.
A giant cockroach comes into view.
Found 15 arrows.
The jackal bites you. The ball python bites you.
The ball python closely misses you. The jackal closely misses you.
The ball python closely misses you. The ball python grabs you.
The ball python constricts you.
There is an open door here.
You see here a rat corpse.
You completely miss the jackal. You hit the ball python.
You kill the ball python!
Lugonu accepts your kill.
You can now depart the Abyss.
The jackal bites you but does no damage. x2
You slash the jackal!
You kill the jackal!
Lugonu accepts your kill.
You hit the kobold.
A giant cockroach comes into view.
The kobold hits you with a +0 short sword of venom.
You are poisoned.
The kobold hits you with a +0 short sword of venom.
You are lethally poisoned!
You feel very sick.
You hit the kobold.
You kill the kobold!
Lugonu accepts your kill.
* * * LOW HITPOINT WARNING * * *
You feel very sick.
You hit the kobold. You punch the kobold.
The kobold is severely wounded.
You die...

#...#. . .. .#.#.#. ..#
#... .........# #..#
#####.#..##.####..#
..................#
............#.....#
#...#....#.#...#######
#.BK@................
#.g#...###...###...##
[8B..#...#.............
8!(..#.#...#.............
(.8?##.#......###...###.
#..# ..#......#<......#
##. .#####...#.......# .
# ##.............
#......#......


You could see 2 giant cockroaches, a goblin and a kobold.

Vanquished Creatures
  A ball python (D:1)
  A jackal (D:1)
  A kobold (D:1)
  A rat (D:1)
4 creatures vanquished.

Notes
Turn   | Place    | Note
-------+----------+-------------------------------------------
     0 | Abyss:1  | Bosse the Demonspawn Abyssal Knight began the quest for the
                  | Orb.
     0 | Abyss:1  | Reached XP level 1. HP: 18/18 MP: 2/2
     0 | D:1      | Escaped the Abyss
    35 | D:1      | Reached * piety under Lugonu
    39 | D:1      | Succumbed to a kobold's poison

Illustrated notes

Levels and vault maps discovered:
D:1:      minmay_arrival_open_corners, layout_basic, fountainhead,
          minmay_pentomino_w4

Action                   || total
-------------------------++-------
Melee: Hand axe          ||     6
       Punch             ||     1
Invok: Depart the Abyss  ||     1
Armor: Leather armour    ||     4
Dodge: Dodged            ||     3

Table legend: (Time is in decaauts)
 A = Elapsed time spent in this place.
 B = Non-inter-level travel time spent in this place.
 C = Inter-level travel time spent in this place.
 D = Time resting spent in this place.
 E = Time spent auto-exploring this place.
 F = Levels seen in this place.
 G = Mean time per level.
                   A        B        C        D        E       F      G
               +--------+--------+--------+--------+--------+-----+--------+
         Total |     39 |     39 |      0 |      0 |     27 |   2 |   19.5 |
       Dungeon |     39 |     39 |      0 |      0 |     27 |   1 |   39.0 |
         Abyss |      0 |      0 |      0 |      0 |      0 |   1 |    0.0 |
               +--------+--------+--------+--------+--------+-----+--------+

Top non-repeatable levels by time:
     D:1: 39 daAuts
